cohdb
Replays
Latest Replays
All Replays
Popular Replays
Top Player Replays
Match Explorer
How It Works
Community
CoH3 Stats
Reddit
Sign in to upload your games and track your stats! →
Sign in with Steam
Match 43265795
Unlisted
Match 43265795
Overview
Messages
Build Orders
End
Pioneer Squad
Pioneer Squad
Pioneer Squad
Selects Mechanized Battlegroup
Construct Infanterie Kompanie
MG 42 Machine Gun Team
MG 42 Machine Gun Team
Medical Station
Pioneer Squad
Selects Spotting Scopes
Construct Panzergrenadier Kompanie
MG 42 Bunker
Panzergrenadier Squad
Construct Luftwaffe Kompanie
Jäger Squad
Jäger Squad
Support Elements
Selects Wespe Self-propelled Artillery
251 Medium Carrier
Wespe Self-propelled Artillery
Flak 30 Anti-aircraft Gun Team
Pioneer Squad
Side Skirts
Pioneer Squad
Selects Raid Package
Selects StuG Assault Group
MG 42 Bunker
StuG Assault Group
Stopa
Moltke1871
Vryru
Hessenwolf
0
0
Comments
sign in to comment!
No comments posted yet!